Rangers vs Golden Knights

Created - 11 mars 2022 at 16:32

Goals
1 2 3 T
Rangers 0 0 1 1
Golden Knights 2 2 1 5
Shots
1 2 3 T
Rangers 4 7 16 27
Golden Knights 9 10 10 29

GoalsPenalties
1st period
1. Golden Knights , Tyler Myers 12 (Anthony Duclair 29, Philipp Grubauer) at 16:09 (PP)
2. Golden Knights , Matt Duchene 17 (Mark Borowiecki 31, Artem Anisimov 9) at 19:28
Kevin Connauton (NYR) for Slashing (Double Minor) at 13:59
2nd period
3. Golden Knights , Blake Comeau 18 (Evgenii Dadonov 30, Mark Borowiecki 32) at 4:51
4. Golden Knights , Evgenii Dadonov 21 (Sam Bennett 27) at 5:23
Ryan Lindgren (NYR) for Tripping (Minor) at 5:32
Mark Borowiecki (VGK) for Interference (Minor) at 7:57
Ryan Lindgren (NYR) for Hooking (Minor) at 14:44
3rd period
5. Rangers , Nils Hoglander 17 (Samuel Girard 44) at 3:35
6. Golden Knights , Anthony Duclair 28 (Matt Duchene 32) at 18:30
Max Comtois (VGK) for Hooking (Minor) at 3:47
Pierre-Luc Dubois (NYR) for Roughing (Minor) at 8:15
Alexandre Carrier (NYR) for Hooking (Minor) at 12:11
Goalie Stats
Keith Kinkaid (NYR), 24 saves from 29 shots - (0,828), L, 9-16-3, 60:00 minutes
Philipp Grubauer (VGK), 26 saves from 27 shots - (0,963), W, 21-14-2, 60:00 minutes
3 StarsOfficial
1 - Evgenii Dadonov (VGK)
2 - Anthony Duclair (VGK)
3 - Tyler Myers (VGK)
Referees : Marc Joannette and Kendrick Nicholson
Linesman : Steve Barton and Brian Murphy
Game Note
No Game Note



Team Name Goals Shots Shots Attemp Shots Blocked PIM HIT PP PK FO%
Rangers 12752812220 / 2 (0%)142%
Golden Knights 5296374231 / 6 (17%)058%

Rangers
Player Name POS G A P +/- PIM HIT SHT SB MP PP MP PP SHT PK MP PK SHT FO% FOT
Alex ChiassonLW/RW0000001010:470:0000:1100% 0
Alexandre CarrierD000-1232224:071:4524:2800% 0
Bowen ByramD000-1020124:231:4506:3600% 0
Dylan CoghlanD000-1020112:300:0000:3100% 0
Gabriel VilardiC0000003017:161:4514:55059% 17
Jeff SkinnerLW000-2014020:512:1314:5500% 1
Joel KivirantaLW000100106:240:0000:000100% 1
Kevin ConnautonD000-1400016:390:0004:4100% 0
Kyle OkposoLW/RW0000013010:360:0000:000100% 1
Kyle TurrisC/LW/RW000-2002015:130:0000:0000% 1
Marcus JohanssonC/LW000-2002016:482:1300:52048% 21
Nils HoglanderLW/RW101100206:240:0000:00020% 10
Pat MaroonLW0001030013:201:4505:11040% 5
Pierre-Luc DuboisC000-2252021:332:1314:08044% 25
Ryan LindgrenD000-1424422:092:1323:5600% 0
Ryan ReavesRW000-2010015:562:1300:0000% 1
Samuel GirardD011-1010017:550:0000:0000% 0
Trevor ZegrasC000-2011016:581:4500:00014% 7
Golden Knights
Player Name POS G A P +/- PIM HIT SHT SB MP PP MP PP SHT PK MP PK SHT FO% FOT
Adam GaudetteC0000001010:420:0001:2400% 0
Anthony DuclairLW/RW1121025020:024:3002:3400% 1
Artem AnisimovC/LW0111001017:284:3000:000100% 3
Blake ComeauLW/RW1012013119:145:3620:00050% 2
Cody EakinC000000119:180:0000:00043% 7
Evgenii DadonovLW/RW1122003020:385:3601:24025% 4
Jake WalmanD0000000121:425:4001:2800% 0
Janne KuokkanenC/LW000000009:180:0000:0000% 0
Jordan MartinookC/LW/RW0000023217:064:3012:34064% 28
Mark BorowieckiD0222242024:044:2601:3200% 0
Mark PysykD0001001118:485:4000:3400% 0
Matt DucheneC/LW1121001012:580:0000:00047% 17
Matt TennysonD0000000015:150:0000:0000% 0
Max ComtoisLW/RW0000212010:010:0000:000100% 2
Sam BennettC/LW/RW0112042019:145:3610:00062% 26
Tanner JeannotLW0000011010:020:0000:0000% 0
Tyler LewingtonD0001061016:170:0003:0200% 0
Tyler MyersD1012022123:534:2621:2000% 0

Rangers

5 vs 5 Forward
Line #Left WingCenterRight WingPHYDFOFWanted %Time %Time Play
1Trevor ZegrasPierre-Luc DuboisKyle Turris0233333%15:13
2Jeff SkinnerMarcus JohanssonRyan Reaves0323030%13:43
3Kyle OkposoGabriel VilardiAlex Chiasson1312223%10:36
4Joel KivirantaNils HoglanderPat Maroon2211514%6:24
5 vs 5 Defense
Line #DefenseDefensePHYDFOFWanted %Time %Time Play
1Ryan LindgrenBowen Byram0324035%16:02
2Samuel GirardAlexandre Carrier0324039%17:55
3Dylan CoghlanKevin Connauton1402026%11:59
4Bowen ByramRyan Lindgren12200%0:00
Power Play Forward
Line #Left WingCenterRight WingPHYDFOFWanted %Time %Time Play
1Pat MaroonTrevor ZegrasGabriel Vilardi0145044%1:45
2Marcus JohanssonPierre-Luc DuboisRyan Reaves0145056%2:13
Power Play Defense
Line #DefenseDefensePHYDFOFWanted %Time %Time Play
1Alexandre CarrierBowen Byram0145044%1:45
2Jeff SkinnerRyan Lindgren0235056%2:13
Penalty Kill 4 Players Forward
Line #CenterWingPHYDFOFWanted %Time %Time Play
1Gabriel VilardiJeff Skinner0415049%4:55
2Pat MaroonPierre-Luc Dubois0415051%5:11
Penalty Kill 4 Players Defense
Line #DefenseDefensePHYDFOFWanted %Time %Time Play
1Ryan LindgrenBowen Byram0325054%5:30
2Kevin ConnautonAlexandre Carrier0415046%4:36
Penalty Kill 3 Players
Line #WingPHYDFOFWanted %Time %Time PlayDefenseDefensePHYDFOFWanted %Time %Time Play
1Marcus Johansson140500%0:00 Bowen ByramRyan Lindgren140500%0:00
2Pat Maroon140500%0:00 Kevin ConnautonAlexandre Carrier140500%0:00
4 vs 4 Forward
Line #CenterWingPHYDFOFWanted %Time %Time Play
1Trevor ZegrasJoel Kiviranta023500%0:00
2Marcus JohanssonPierre-Luc Dubois023500%0:00
4 vs 4 Defense
Line #DefensePHYDFOFWanted %Time %Time Play
1Alexandre CarrierKevin Connauton023500%0:00
2Ryan LindgrenBowen Byram032500%0:00
Last Minutes Offensive
Left WingCenterRight WingDefenseDefense
Kyle TurrisPierre-Luc DuboisJeff SkinnerTrevor ZegrasKevin Connauton
Last Minutes Defensive
Left WingCenterRight WingDefenseDefense
Gabriel VilardiMarcus JohanssonRyan ReavesRyan LindgrenAlexandre Carrier
Time
Total ForwardTotal DefenseLast Minutes OffensiveLast Minutes Defensive
60:00 60:00 0:000:00
Extra Forwards
Normal PowerPlayPenalty Kill
Trevor Zegras, Marcus Johansson, Pierre-Luc DuboisPierre-Luc Dubois, Pat MaroonMarcus Johansson
Extra Defensemen
Normal PowerPlayPenalty Kill
Ryan Lindgren, Kevin Connauton, Alexandre CarrierAlexandre Carrier, Ryan LindgrenAlexandre Carrier
Penalty Shots
Pierre-Luc Dubois, Pat Maroon, Trevor Zegras, Marcus Johansson, Ryan Lindgren
Goalie
Keith Kinkaid, Igor Shesterkin
Custom OT Lines Forwards
Gabriel Vilardi, Trevor Zegras, Ryan Reaves, Pierre-Luc Dubois, Nils Hoglander, Marcus Johansson, Pat Maroon, Joel Kiviranta, Kyle Turris, Jeff Skinner
Custom OT Lines Defensemen
Alexandre Carrier, Ryan Lindgren, Bowen Byram, Samuel Girard, Kevin Connauton
Scratches
Akil Thomas (Healthy), Wayne Simmonds (Healthy), Jordie Benn (Sprained Right Finger Injury), Philip Tomasino (Healthy), Darren Raddysh (Suspend)

Golden Knights

5 vs 5 Forward
Line #Left WingCenterRight WingPHYDFOFWanted %Time %Time Play
1Artem AnisimovMatt DucheneAnthony Duclair1223028%12:58
2Evgenii DadonovSam BennettBlake Comeau1223030%13:38
3Max ComtoisJordan MartinookTanner Jeannot1222422%10:02
4Adam GaudetteCody EakinJanne Kuokkanen1221620%9:18
5 vs 5 Defense
Line #DefenseDefensePHYDFOFWanted %Time %Time Play
1Mark BorowieckiTyler Myers1223029%13:25
2Tyler LewingtonMark Pysyk1223029%13:15
3Matt TennysonJake Walman1222432%14:34
4Mark BorowieckiTyler Myers1221610%4:42
Power Play Forward
Line #Left WingCenterRight WingPHYDFOFWanted %Time %Time Play
1Artem AnisimovJordan MartinookAnthony Duclair1225045%4:30
2Evgenii DadonovSam BennettBlake Comeau1225055%5:36
Power Play Defense
Line #DefenseDefensePHYDFOFWanted %Time %Time Play
1Mark BorowieckiTyler Myers1225044%4:26
2Jake WalmanMark Pysyk1225056%5:40
Penalty Kill 4 Players Forward
Line #CenterWingPHYDFOFWanted %Time %Time Play
1Jordan MartinookAnthony Duclair1225065%2:34
2Evgenii DadonovAdam Gaudette1225035%1:24
Penalty Kill 4 Players Defense
Line #DefenseDefensePHYDFOFWanted %Time %Time Play
1Tyler MyersJake Walman1225024%0:56
2Mark BorowieckiTyler Lewington1225076%3:02
Penalty Kill 3 Players
Line #WingPHYDFOFWanted %Time %Time PlayDefenseDefensePHYDFOFWanted %Time %Time Play
1Cody Eakin122500%0:00 Jake WalmanMark Borowiecki122500%0:00
2Jordan Martinook122500%0:00 Tyler LewingtonTyler Myers122500%0:00
4 vs 4 Forward
Line #CenterWingPHYDFOFWanted %Time %Time Play
1Jordan MartinookAnthony Duclair122500%0:00
2Sam BennettEvgenii Dadonov122500%0:00
4 vs 4 Defense
Line #DefensePHYDFOFWanted %Time %Time Play
1Jake WalmanTyler Myers122500%0:00
2Tyler LewingtonMark Borowiecki122500%0:00
Last Minutes Offensive
Left WingCenterRight WingDefenseDefense
Anthony DuclairMatt DucheneArtem AnisimovMark BorowieckiTyler Myers
Last Minutes Defensive
Left WingCenterRight WingDefenseDefense
Anthony DuclairJordan MartinookCody EakinMark BorowieckiTyler Myers
Time
Total ForwardTotal DefenseLast Minutes OffensiveLast Minutes Defensive
60:00 60:00 0:000:00
Extra Forwards
Normal PowerPlayPenalty Kill
Adam Gaudette, Max Comtois, Jordan MartinookAdam Gaudette, Max ComtoisJordan Martinook
Extra Defensemen
Normal PowerPlayPenalty Kill
Jake Walman, Tyler Myers, Matt TennysonTyler Myers, Jake WalmanTyler Myers
Penalty Shots
Sam Bennett, Anthony Duclair, Jordan Martinook, Artem Anisimov, Evgenii Dadonov
Goalie
Philipp Grubauer, Jonathan Bernier
Custom OT Lines Forwards
Sam Bennett, Anthony Duclair, Adam Gaudette, Janne Kuokkanen, Evgenii Dadonov, Blake Comeau, Max Comtois, Jordan Martinook, Cody Eakin, Artem Anisimov
Custom OT Lines Defensemen
Mark Borowiecki, Tyler Myers, Matt Tennyson, Mark Pysyk, Jake Walman
Scratches
Cale Makar (Strained Right Elbow Injury), Conor Sheary (Healthy), Jordan Szwarz (Healthy)


Play-by-Play

1st period


0:01 of 1st period - Matt Duchene wins face-off versus Pierre-Luc Dubois in neutral zone.
0:22 of 1st period - Shot by Pierre-Luc Dubois.
0:22 of 1st period - Stopped by Philipp Grubauer without a rebound.
0:23 of 1st period - Sam Bennett wins face-off versus Jeff Skinner in Golden Knights zone.
0:37 of 1st period - Blake Comeau is hit by Alexandre Carrier and loses puck.
0:43 of 1st period - Icing by Marcus Johansson.
0:44 of 1st period - Marcus Johansson wins face-off versus Jordan Martinook in Rangers zone.
0:44 of 1st period - Marcus Johansson is hit by Jordan Martinook.
1:04 of 1st period - Shot by Jordan Martinook.
1:04 of 1st period - Stopped by Keith Kinkaid without a rebound.
1:05 of 1st period - Cody Eakin wins face-off versus Gabriel Vilardi in Rangers zone.
2:05 of 1st period - Icing by Joel Kiviranta.
2:06 of 1st period - Matt Duchene wins face-off versus Nils Hoglander in Rangers zone.
2:07 of 1st period - Shot by Anthony Duclair.
2:07 of 1st period - Shot Misses the Net.
2:32 of 1st period - Joel Kiviranta is hit by Tyler Lewington and loses puck.
2:38 of 1st period - Icing by Mark Pysyk.
2:39 of 1st period - Artem Anisimov wins face-off versus Pierre-Luc Dubois in Golden Knights zone.
3:43 of 1st period - Samuel Girard is hit by Tyler Myers and loses puck.
3:58 of 1st period - Off-side.
3:59 of 1st period - Jordan Martinook wins face-off versus Gabriel Vilardi in neutral zone.
4:04 of 1st period - Shot by Max Comtois.
4:04 of 1st period - Shot Misses the Net.
4:12 of 1st period - Shot by Tanner Jeannot.
4:12 of 1st period - Shot Blocked by Ryan Lindgren.
4:14 of 1st period - Shot by Matt Tennyson.
4:14 of 1st period - Shot Misses the Net.
4:16 of 1st period - Shot by Max Comtois.
4:16 of 1st period - Stopped by Keith Kinkaid without a rebound.
4:17 of 1st period - Marcus Johansson wins face-off versus Sam Bennett in Rangers zone.
4:44 of 1st period - Shot by Evgenii Dadonov.
4:44 of 1st period - Shot Blocked by Dylan Coghlan.
4:46 of 1st period - Shot by Blake Comeau.
4:46 of 1st period - Shot Misses the Net.
4:48 of 1st period - Shot by Mark Borowiecki.
4:48 of 1st period - Stopped by Keith Kinkaid without a rebound.
4:49 of 1st period - Max Comtois wins face-off versus Nils Hoglander in Rangers zone.
4:50 of 1st period - Shot by Tanner Jeannot.
4:50 of 1st period - Shot Blocked by Ryan Lindgren.
7:36 of 1st period - Off-side.
7:37 of 1st period - Cody Eakin wins face-off versus Gabriel Vilardi in neutral zone.
7:43 of 1st period - Tyler Myers is hit by Bowen Byram and loses puck.
7:49 of 1st period - Ryan Lindgren is hit by Mark Borowiecki and loses puck.
7:52 of 1st period - Shot by Gabriel Vilardi.
7:52 of 1st period - Shot Misses the Net.
8:06 of 1st period - Shot by Gabriel Vilardi.
8:06 of 1st period - Stopped by Philipp Grubauer without a rebound.
8:07 of 1st period - Jordan Martinook wins face-off versus Nils Hoglander in Golden Knights zone.
8:07 of 1st period - Jordan Martinook is hit by Pat Maroon.
8:13 of 1st period - Joel Kiviranta is hit by Max Comtois.
8:19 of 1st period - Icing by Matt Tennyson.
8:20 of 1st period - Jordan Martinook wins face-off versus Pierre-Luc Dubois in Golden Knights zone.
8:22 of 1st period - Icing by Max Comtois.
8:23 of 1st period - Jordan Martinook wins face-off versus Gabriel Vilardi in Golden Knights zone.
8:23 of 1st period - Jordan Martinook is hit by Kyle Okposo.
9:45 of 1st period - Shot by Tyler Myers.
9:45 of 1st period - Deflect By Evgenii Dadonov.
9:45 of 1st period - Shot Misses the Net.
9:47 of 1st period - Shot by Mark Borowiecki.
9:47 of 1st period - Shot Misses the Net.
9:49 of 1st period - Shot by Mark Borowiecki.
9:49 of 1st period - Shot Blocked by Ryan Lindgren.
10:10 of 1st period - Icing by Tyler Lewington.
10:11 of 1st period - Pierre-Luc Dubois wins face-off versus Matt Duchene in Golden Knights zone.
10:11 of 1st period - Trevor Zegras is hit by Tyler Lewington and loses puck.
10:48 of 1st period - Icing by Anthony Duclair.
10:49 of 1st period - Marcus Johansson wins face-off versus Matt Duchene in Golden Knights zone.
10:49 of 1st period - Dylan Coghlan is hit by Tyler Lewington and loses puck.
11:05 of 1st period - Off-side.
11:06 of 1st period - Sam Bennett wins face-off versus Nils Hoglander in neutral zone.
11:15 of 1st period - Shot by Mark Borowiecki.
11:15 of 1st period - Stopped by Keith Kinkaid with a rebound.
11:50 of 1st period - Icing by Mark Borowiecki.
11:51 of 1st period - Marcus Johansson wins face-off versus Sam Bennett in Golden Knights zone.
12:16 of 1st period - Shot by Marcus Johansson.
12:16 of 1st period - Shot Blocked by Jordan Martinook.
12:23 of 1st period - Shot by Marcus Johansson.
12:23 of 1st period - Stopped by Philipp Grubauer without a rebound.
12:24 of 1st period - Pierre-Luc Dubois wins face-off versus Cody Eakin in Golden Knights zone.
13:26 of 1st period - Icing by Samuel Girard.
13:27 of 1st period - Jordan Martinook wins face-off versus Gabriel Vilardi in Rangers zone.
13:32 of 1st period - Shot by Jordan Martinook.
13:32 of 1st period - Stopped by Keith Kinkaid without a rebound.
13:33 of 1st period - Jordan Martinook wins face-off versus Marcus Johansson in Rangers zone.
13:37 of 1st period - Max Comtois is hit by Dylan Coghlan and loses puck.
13:41 of 1st period - Icing by Kevin Connauton.
13:42 of 1st period - Matt Duchene wins face-off versus Marcus Johansson in Rangers zone.
13:44 of 1st period - Anthony Duclair is hit by Dylan Coghlan.
13:59 of 1st period - Double Minor Penalty to Kevin Connauton for Slashing.
14:00 of 1st period - Sam Bennett wins face-off versus Pat Maroon in Rangers zone.
14:23 of 1st period - Shot by Sam Bennett.
14:23 of 1st period - Shot Blocked by Ryan Lindgren.
14:29 of 1st period - Shot by Gabriel Vilardi.
14:29 of 1st period - Shot Misses the Net.
14:40 of 1st period - Off-side.
14:41 of 1st period - Pat Maroon wins face-off versus Jordan Martinook in neutral zone.
14:54 of 1st period - Shot by Tyler Myers.
14:54 of 1st period - Shot Misses the Net.
14:56 of 1st period - Shot by Jordan Martinook.
14:56 of 1st period - Shot Misses the Net.
14:58 of 1st period - Shot by Tyler Myers.
14:58 of 1st period - Shot Misses the Net.
15:00 of 1st period - Shot by Tyler Myers.
15:00 of 1st period - Shot Misses the Net.
15:10 of 1st period - Shot by Tyler Myers.
15:10 of 1st period - Stopped by Keith Kinkaid without a rebound.
15:11 of 1st period - Gabriel Vilardi wins face-off versus Sam Bennett in Rangers zone.
15:38 of 1st period - Icing by Blake Comeau.
15:39 of 1st period - Sam Bennett wins face-off versus Pat Maroon in Golden Knights zone.
15:39 of 1st period - Sam Bennett is hit by Pat Maroon.
16:09 of 1st period - Shot by Tyler Myers.
16:09 of 1st period - Goal by Tyler Myers - Rangers : 0 - Golden Knights : 1.
16:10 of 1st period - Marcus Johansson wins face-off versus Cody Eakin in neutral zone.
16:18 of 1st period - Shot by Marcus Johansson.
16:18 of 1st period - Shot Misses the Net.
16:40 of 1st period - Shot by Tyler Myers.
16:40 of 1st period - Shot Misses the Net.
17:20 of 1st period - Shot by Artem Anisimov.
17:20 of 1st period - Deflect By Anthony Duclair.
17:20 of 1st period - Stopped by Keith Kinkaid without a rebound.
17:21 of 1st period - Sam Bennett wins face-off versus Nils Hoglander in Rangers zone.
17:21 of 1st period - Sam Bennett is hit by Alexandre Carrier.
17:47 of 1st period - Shot by Nils Hoglander.
17:47 of 1st period - Stopped by Philipp Grubauer without a rebound.
17:48 of 1st period - Jordan Martinook wins face-off versus Pierre-Luc Dubois in Golden Knights zone.
19:05 of 1st period - Shot by Matt Duchene.
19:05 of 1st period - Shot Misses the Net.
19:24 of 1st period - Shot by Artem Anisimov.
19:24 of 1st period - Shot Misses the Net.
19:28 of 1st period - Shot by Matt Duchene.
19:28 of 1st period - Goal by Matt Duchene - Rangers : 0 - Golden Knights : 2.
19:29 of 1st period - Gabriel Vilardi wins face-off versus Sam Bennett in neutral zone.
19:38 of 1st period - Off-side.
19:39 of 1st period - Pierre-Luc Dubois wins face-off versus Cody Eakin in neutral zone.
Goals for this period are 0 for Rangers vs 2 for Golden Knights.
Shots for this period are 4 for Rangers vs 9 for Golden Knights.

2nd period


0:01 of 2nd period - Sam Bennett wins face-off versus Pierre-Luc Dubois in neutral zone.
0:03 of 2nd period - Off-side.
0:04 of 2nd period - Sam Bennett wins face-off versus Pierre-Luc Dubois in neutral zone.
0:18 of 2nd period - Icing by Kyle Turris.
0:19 of 2nd period - Matt Duchene wins face-off versus Pierre-Luc Dubois in Rangers zone.
1:16 of 2nd period - Off-side.
1:17 of 2nd period - Marcus Johansson wins face-off versus Jordan Martinook in neutral zone.
2:12 of 2nd period - Shot by Kevin Connauton.
2:12 of 2nd period - Shot Misses the Net.
2:59 of 2nd period - Icing by Evgenii Dadonov.
3:00 of 2nd period - Sam Bennett wins face-off versus Nils Hoglander in Golden Knights zone.
3:24 of 2nd period - Icing by Alexandre Carrier.
3:25 of 2nd period - Nils Hoglander wins face-off versus Matt Duchene in Rangers zone.
4:41 of 2nd period - Icing by Ryan Lindgren.
4:42 of 2nd period - Sam Bennett wins face-off versus Pierre-Luc Dubois in Rangers zone.
4:51 of 2nd period - Shot by Blake Comeau.
4:51 of 2nd period - Goal by Blake Comeau - Rangers : 0 - Golden Knights : 3.
4:52 of 2nd period - Marcus Johansson wins face-off versus Cody Eakin in neutral zone.
5:07 of 2nd period - Shot by Janne Kuokkanen.
5:07 of 2nd period - Shot Misses the Net.
5:09 of 2nd period - Shot by Adam Gaudette.
5:09 of 2nd period - Deflect By Cody Eakin.
5:09 of 2nd period - Stopped by Keith Kinkaid without a rebound.
5:10 of 2nd period - Sam Bennett wins face-off versus Gabriel Vilardi in Rangers zone.
5:15 of 2nd period - Shot by Evgenii Dadonov.
5:15 of 2nd period - Stopped by Keith Kinkaid with a rebound.
5:17 of 2nd period - Shot by Sam Bennett.
5:17 of 2nd period - Stopped by Keith Kinkaid without a rebound.
5:18 of 2nd period - Sam Bennett wins face-off versus Marcus Johansson in Rangers zone.
5:23 of 2nd period - Shot by Evgenii Dadonov.
5:23 of 2nd period - Goal by Evgenii Dadonov - Rangers : 0 - Golden Knights : 4.
5:24 of 2nd period - Sam Bennett wins face-off versus Marcus Johansson in neutral zone.
5:32 of 2nd period - Minor Penalty to Ryan Lindgren for Tripping.
5:33 of 2nd period - Gabriel Vilardi wins face-off versus Jordan Martinook in Rangers zone.
5:33 of 2nd period - Gabriel Vilardi is hit by Anthony Duclair.
5:43 of 2nd period - Shot by Mark Borowiecki.
5:43 of 2nd period - Shot Misses the Net.
6:25 of 2nd period - Jeff Skinner is hit by Sam Bennett and loses puck.
6:30 of 2nd period - Shot by Sam Bennett.
6:30 of 2nd period - Stopped by Keith Kinkaid without a rebound.
6:31 of 2nd period - Pierre-Luc Dubois wins face-off versus Sam Bennett in Rangers zone.
6:31 of 2nd period - Pierre-Luc Dubois is hit by Blake Comeau.
7:02 of 2nd period - Blake Comeau is hit by Jeff Skinner and loses puck.
7:54 of 2nd period - Shot by Alexandre Carrier.
7:54 of 2nd period - Shot Misses the Net.
7:56 of 2nd period - Shot by Alexandre Carrier.
7:56 of 2nd period - Shot Blocked by Cody Eakin.
7:57 of 2nd period - Minor Penalty to Mark Borowiecki for Interference.
7:58 of 2nd period - Jordan Martinook wins face-off versus Pierre-Luc Dubois in Golden Knights zone.
8:13 of 2nd period - Shot by Jeff Skinner.
8:13 of 2nd period - Shot Misses the Net.
8:15 of 2nd period - Shot by Marcus Johansson.
8:15 of 2nd period - Shot Blocked by Jordan Martinook.
8:26 of 2nd period - Pierre-Luc Dubois is hit by Tyler Lewington and loses puck.
8:33 of 2nd period - Shot by Ryan Lindgren.
8:33 of 2nd period - Stopped by Philipp Grubauer without a rebound.
8:34 of 2nd period - Jordan Martinook wins face-off versus Trevor Zegras in Golden Knights zone.
8:57 of 2nd period - Shot by Trevor Zegras.
8:57 of 2nd period - Shot Misses the Net.
8:59 of 2nd period - Shot by Gabriel Vilardi.
8:59 of 2nd period - Stopped by Philipp Grubauer with a rebound.
9:01 of 2nd period - Shot by Alexandre Carrier.
9:01 of 2nd period - Stopped by Philipp Grubauer without a rebound.
9:02 of 2nd period - Pierre-Luc Dubois wins face-off versus Jordan Martinook in Golden Knights zone.
9:09 of 2nd period - Shot by Marcus Johansson.
9:09 of 2nd period - Shot Misses the Net.
9:11 of 2nd period - Shot by Ryan Lindgren.
9:11 of 2nd period - Shot Misses the Net.
9:13 of 2nd period - Shot by Ryan Lindgren.
9:13 of 2nd period - Shot Misses the Net.
9:15 of 2nd period - Shot by Marcus Johansson.
9:15 of 2nd period - Shot Misses the Net.
9:17 of 2nd period - Shot by Jeff Skinner.
9:17 of 2nd period - Stopped by Philipp Grubauer without a rebound.
9:18 of 2nd period - Jordan Martinook wins face-off versus Trevor Zegras in Golden Knights zone.
10:01 of 2nd period - Shot by Jeff Skinner.
10:01 of 2nd period - Shot Misses the Net.
10:25 of 2nd period - Marcus Johansson is hit by Mark Borowiecki and loses puck.
10:41 of 2nd period - Off-side.
10:42 of 2nd period - Sam Bennett wins face-off versus Pierre-Luc Dubois in neutral zone.
10:42 of 2nd period - Evgenii Dadonov is hit by Pierre-Luc Dubois.
10:59 of 2nd period - Icing by Bowen Byram.
11:00 of 2nd period - Jordan Martinook wins face-off versus Trevor Zegras in Rangers zone.
11:00 of 2nd period - Jordan Martinook is hit by Ryan Lindgren.
11:03 of 2nd period - Tanner Jeannot is hit by Bowen Byram and loses puck.
11:24 of 2nd period - Shot by Pierre-Luc Dubois.
11:24 of 2nd period - Shot Misses the Net.
11:26 of 2nd period - Shot by Trevor Zegras.
11:26 of 2nd period - Deflect By Kyle Turris.
11:26 of 2nd period - Stopped by Philipp Grubauer without a rebound.
11:27 of 2nd period - Kyle Okposo wins face-off versus Evgenii Dadonov in Golden Knights zone.
11:30 of 2nd period - Shot by Kyle Okposo.
11:30 of 2nd period - Stopped by Philipp Grubauer with a rebound.
11:32 of 2nd period - Shot by Gabriel Vilardi.
11:32 of 2nd period - Shot Blocked by Jake Walman.
11:34 of 2nd period - Shot by Samuel Girard.
11:34 of 2nd period - Deflect By Kyle Okposo.
11:34 of 2nd period - Shot Misses the Net.
11:42 of 2nd period - Kyle Okposo is hit by Sam Bennett and loses puck.
11:49 of 2nd period - Kyle Okposo is hit by Sam Bennett and loses puck.
13:04 of 2nd period - Alex Chiasson is hit by Jordan Martinook and loses puck.
13:31 of 2nd period - Icing by Ryan Lindgren.
13:32 of 2nd period - Cody Eakin wins face-off versus Pierre-Luc Dubois in Rangers zone.
14:05 of 2nd period - Off-side.
14:06 of 2nd period - Marcus Johansson wins face-off versus Sam Bennett in neutral zone.
14:18 of 2nd period - Marcus Johansson is hit by Tyler Myers and loses puck.
14:40 of 2nd period - Shot by Evgenii Dadonov.
14:40 of 2nd period - Stopped by Keith Kinkaid without a rebound.
14:41 of 2nd period - Matt Duchene wins face-off versus Nils Hoglander in Rangers zone.
14:41 of 2nd period - Matt Duchene is hit by Ryan Lindgren.
14:44 of 2nd period - Minor Penalty to Ryan Lindgren for Hooking.
14:45 of 2nd period - Jordan Martinook wins face-off versus Pierre-Luc Dubois in Rangers zone.
14:51 of 2nd period - Shot by Mark Pysyk.
14:51 of 2nd period - Shot Blocked by Bowen Byram.
15:00 of 2nd period - Icing by Anthony Duclair.
15:01 of 2nd period - Artem Anisimov wins face-off versus Pat Maroon in Golden Knights zone.
15:05 of 2nd period - Off-side.
15:06 of 2nd period - Gabriel Vilardi wins face-off versus Sam Bennett in neutral zone.
15:32 of 2nd period - Icing by Tyler Myers.
15:33 of 2nd period - Gabriel Vilardi wins face-off versus Sam Bennett in Golden Knights zone.
15:46 of 2nd period - Shot by Mark Borowiecki.
15:46 of 2nd period - Shot Misses the Net.
15:48 of 2nd period - Shot by Evgenii Dadonov.
15:48 of 2nd period - Shot Misses the Net.
15:50 of 2nd period - Shot by Blake Comeau.
15:50 of 2nd period - Stopped by Keith Kinkaid without a rebound.
15:51 of 2nd period - Pat Maroon wins face-off versus Jordan Martinook in Rangers zone.
16:20 of 2nd period - Shot by Jordan Martinook.
16:20 of 2nd period - Stopped by Keith Kinkaid with a rebound.
17:34 of 2nd period - Off-side.
17:35 of 2nd period - Sam Bennett wins face-off versus Marcus Johansson in neutral zone.
17:41 of 2nd period - Off-side.
17:42 of 2nd period - Marcus Johansson wins face-off versus Blake Comeau in neutral zone.
18:52 of 2nd period - Shot by Alex Chiasson.
18:52 of 2nd period - Stopped by Philipp Grubauer without a rebound.
18:53 of 2nd period - Matt Duchene wins face-off versus Trevor Zegras in Golden Knights zone.
19:26 of 2nd period - Shot by Matt Duchene.
19:26 of 2nd period - Shot Misses the Net.
19:28 of 2nd period - Shot by Anthony Duclair.
19:28 of 2nd period - Stopped by Keith Kinkaid without a rebound.
19:29 of 2nd period - Nils Hoglander wins face-off versus Jordan Martinook in Rangers zone.
19:46 of 2nd period - Ryan Lindgren is hit by Tanner Jeannot and loses puck.
Goals for this period are 0 for Rangers vs 2 for Golden Knights.
Shots for this period are 7 for Rangers vs 10 for Golden Knights.

3rd period


0:01 of 3rd period - Matt Duchene wins face-off versus Marcus Johansson in neutral zone.
0:01 of 3rd period - Artem Anisimov is hit by Ryan Reaves and loses puck.
0:32 of 3rd period - Shot by Ryan Reaves.
0:32 of 3rd period - Shot Blocked by Mark Pysyk.
0:42 of 3rd period - Shot by Jeff Skinner.
0:42 of 3rd period - Stopped by Philipp Grubauer without a rebound.
0:43 of 3rd period - Jordan Martinook wins face-off versus Pierre-Luc Dubois in Golden Knights zone.
1:04 of 3rd period - Shot by Trevor Zegras.
1:04 of 3rd period - Shot Blocked by Tyler Myers.
2:53 of 3rd period - Shot by Jeff Skinner.
2:53 of 3rd period - Shot Blocked by Blake Comeau.
2:55 of 3rd period - Shot by Jeff Skinner.
2:55 of 3rd period - Stopped by Philipp Grubauer with a rebound.
3:11 of 3rd period - Shot by Jeff Skinner.
3:11 of 3rd period - Stopped by Philipp Grubauer without a rebound.
3:12 of 3rd period - Joel Kiviranta wins face-off versus Matt Duchene in Golden Knights zone.
3:35 of 3rd period - Shot by Nils Hoglander.
3:35 of 3rd period - Goal by Nils Hoglander - Rangers : 1 - Golden Knights : 4.
3:36 of 3rd period - Jordan Martinook wins face-off versus Pierre-Luc Dubois in neutral zone.
3:36 of 3rd period - Jordan Martinook is hit by Pierre-Luc Dubois.
3:42 of 3rd period - Shot by Jordan Martinook.
3:42 of 3rd period - Shot Misses the Net.
3:47 of 3rd period - Minor Penalty to Max Comtois for Hooking.
3:48 of 3rd period - Pierre-Luc Dubois wins face-off versus Jordan Martinook in Golden Knights zone.
3:48 of 3rd period - Pierre-Luc Dubois is hit by Mark Borowiecki.
4:00 of 3rd period - Shot by Pierre-Luc Dubois.
4:00 of 3rd period - Stopped by Philipp Grubauer with a rebound.
4:09 of 3rd period - Pierre-Luc Dubois is hit by Tyler Lewington and loses puck.
4:20 of 3rd period - Shot by Ryan Lindgren.
4:20 of 3rd period - Stopped by Philipp Grubauer without a rebound.
4:21 of 3rd period - Evgenii Dadonov wins face-off versus Trevor Zegras in Golden Knights zone.
4:27 of 3rd period - Icing by Trevor Zegras.
4:28 of 3rd period - Trevor Zegras wins face-off versus Evgenii Dadonov in Rangers zone.
4:47 of 3rd period - Shot by Alexandre Carrier.
4:47 of 3rd period - Stopped by Philipp Grubauer without a rebound.
4:48 of 3rd period - Pierre-Luc Dubois wins face-off versus Anthony Duclair in Golden Knights zone.
6:06 of 3rd period - Shot by Janne Kuokkanen.
6:06 of 3rd period - Shot Misses the Net.
6:40 of 3rd period - Cody Eakin is hit by Pat Maroon and loses puck.
6:53 of 3rd period - Shot by Joel Kiviranta.
6:53 of 3rd period - Stopped by Philipp Grubauer with a rebound.
6:55 of 3rd period - Shot by Alexandre Carrier.
6:55 of 3rd period - Deflect By Pat Maroon.
6:55 of 3rd period - Shot Misses the Net.
7:11 of 3rd period - Shot by Nils Hoglander.
7:11 of 3rd period - Shot Misses the Net.
7:32 of 3rd period - Ryan Lindgren is hit by Sam Bennett and loses puck.
7:36 of 3rd period - Bowen Byram is hit by Mark Borowiecki and loses puck.
7:39 of 3rd period - Shot by Trevor Zegras.
7:39 of 3rd period - Stopped by Philipp Grubauer without a rebound.
7:40 of 3rd period - Matt Duchene wins face-off versus Marcus Johansson in Golden Knights zone.
8:02 of 3rd period - Shot by Jeff Skinner.
8:02 of 3rd period - Shot Misses the Net.
8:04 of 3rd period - Shot by Marcus Johansson.
8:04 of 3rd period - Stopped by Philipp Grubauer without a rebound.
8:05 of 3rd period - Pierre-Luc Dubois wins face-off versus Jordan Martinook in Golden Knights zone.
8:15 of 3rd period - Minor Penalty to Pierre-Luc Dubois for Roughing.
8:16 of 3rd period - Gabriel Vilardi wins face-off versus Evgenii Dadonov in Rangers zone.
8:50 of 3rd period - Shot by Mark Borowiecki.
8:50 of 3rd period - Shot Misses the Net.
10:21 of 3rd period - Shot by Cody Eakin.
10:21 of 3rd period - Shot Misses the Net.
10:23 of 3rd period - Shot by Adam Gaudette.
10:23 of 3rd period - Shot Misses the Net.
10:42 of 3rd period - Janne Kuokkanen is hit by Samuel Girard and loses puck.
10:45 of 3rd period - Shot by Cody Eakin.
10:45 of 3rd period - Shot Blocked by Alexandre Carrier.
10:55 of 3rd period - Shot by Adam Gaudette.
10:55 of 3rd period - Stopped by Keith Kinkaid without a rebound.
10:56 of 3rd period - Jordan Martinook wins face-off versus Marcus Johansson in Rangers zone.
11:27 of 3rd period - Off-side.
11:28 of 3rd period - Gabriel Vilardi wins face-off versus Matt Duchene in neutral zone.
11:38 of 3rd period - Kyle Okposo is hit by Tyler Lewington and loses puck.
11:49 of 3rd period - Shot by Anthony Duclair.
11:49 of 3rd period - Stopped by Keith Kinkaid with a rebound.
11:55 of 3rd period - Shot by Artem Anisimov.
11:55 of 3rd period - Stopped by Keith Kinkaid without a rebound.
11:56 of 3rd period - Sam Bennett wins face-off versus Kyle Turris in Rangers zone.
11:56 of 3rd period - Sam Bennett is hit by Alexandre Carrier.
12:11 of 3rd period - Minor Penalty to Alexandre Carrier for Hooking.
12:12 of 3rd period - Gabriel Vilardi wins face-off versus Jordan Martinook in Rangers zone.
12:53 of 3rd period - Shot by Tyler Myers.
12:53 of 3rd period - Shot Misses the Net.
13:24 of 3rd period - Shot by Blake Comeau.
13:24 of 3rd period - Stopped by Keith Kinkaid without a rebound.
13:25 of 3rd period - Gabriel Vilardi wins face-off versus Sam Bennett in Rangers zone.
15:15 of 3rd period - Shot by Anthony Duclair.
15:15 of 3rd period - Stopped by Keith Kinkaid without a rebound.
15:16 of 3rd period - Jordan Martinook wins face-off versus Marcus Johansson in Rangers zone.
15:19 of 3rd period - Shot by Max Comtois.
15:19 of 3rd period - Stopped by Keith Kinkaid without a rebound.
15:20 of 3rd period - Marcus Johansson wins face-off versus Matt Duchene in Rangers zone.
15:20 of 3rd period - Marcus Johansson is hit by Anthony Duclair.
15:47 of 3rd period - Shot by Matt Duchene.
15:47 of 3rd period - Shot Misses the Net.
15:49 of 3rd period - Shot by Tyler Lewington.
15:49 of 3rd period - Stopped by Keith Kinkaid with a rebound.
15:51 of 3rd period - Shot by Anthony Duclair.
15:51 of 3rd period - Shot Misses the Net.
15:53 of 3rd period - Shot by Mark Pysyk.
15:53 of 3rd period - Stopped by Keith Kinkaid without a rebound.
15:54 of 3rd period - Sam Bennett wins face-off versus Gabriel Vilardi in Rangers zone.
16:05 of 3rd period - Shot by Kyle Okposo.
16:05 of 3rd period - Stopped by Philipp Grubauer without a rebound.
16:06 of 3rd period - Max Comtois wins face-off versus Nils Hoglander in Golden Knights zone.
16:11 of 3rd period - Shot by Max Comtois.
16:11 of 3rd period - Deflect By Tanner Jeannot.
16:11 of 3rd period - Stopped by Keith Kinkaid without a rebound.
16:12 of 3rd period - Artem Anisimov wins face-off versus Marcus Johansson in Rangers zone.
16:27 of 3rd period - Icing by Alexandre Carrier.
16:28 of 3rd period - Blake Comeau wins face-off versus Ryan Reaves in Rangers zone.
16:33 of 3rd period - Shot by Evgenii Dadonov.
16:33 of 3rd period - Shot Blocked by Alexandre Carrier.
17:11 of 3rd period - Icing by Evgenii Dadonov.
17:12 of 3rd period - Pierre-Luc Dubois wins face-off versus Sam Bennett in Golden Knights zone.
17:17 of 3rd period - Shot by Kyle Turris.
17:17 of 3rd period - Stopped by Philipp Grubauer with a rebound.
17:19 of 3rd period - Shot by Ryan Lindgren.
17:19 of 3rd period - Stopped by Philipp Grubauer with a rebound.
17:21 of 3rd period - Shot by Ryan Lindgren.
17:21 of 3rd period - Stopped by Philipp Grubauer without a rebound.
17:22 of 3rd period - Gabriel Vilardi wins face-off versus Matt Duchene in Golden Knights zone.
17:37 of 3rd period - Shot by Gabriel Vilardi.
17:37 of 3rd period - Shot Misses the Net.
17:39 of 3rd period - Shot by Gabriel Vilardi.
17:39 of 3rd period - Stopped by Philipp Grubauer without a rebound.
17:40 of 3rd period - Jordan Martinook wins face-off versus Trevor Zegras in Golden Knights zone.
17:40 of 3rd period - Tanner Jeannot is hit by Trevor Zegras and loses puck.
17:46 of 3rd period - Jordan Martinook is hit by Pierre-Luc Dubois and loses puck.
17:54 of 3rd period - Icing by Kevin Connauton.
17:55 of 3rd period - Pierre-Luc Dubois wins face-off versus Matt Duchene in Rangers zone.
18:15 of 3rd period - Matt Duchene is hit by Pierre-Luc Dubois and loses puck.
18:24 of 3rd period - Anthony Duclair is hit by Pierre-Luc Dubois.
18:30 of 3rd period - Shot by Anthony Duclair.
18:30 of 3rd period - Goal by Anthony Duclair - Rangers : 1 - Golden Knights : 5.
18:31 of 3rd period - Jordan Martinook wins face-off versus Marcus Johansson in neutral zone.
19:56 of 3rd period - Shot by Kyle Okposo.
19:56 of 3rd period - Stopped by Philipp Grubauer without a rebound.
19:57 of 3rd period - Pierre-Luc Dubois wins face-off versus Matt Duchene in Golden Knights zone.
Goals for this period are 1 for Rangers vs 1 for Golden Knights.
Shots for this period are 16 for Rangers vs 10 for Golden Knights.